 Dungeon Sprint DCSS version 0.27.1-34-g3ba077fa99 (webtiles) character file.

Game seed: 15512083192639282570

4437 boopmooplesden the Severer (level 10, -7/80 HPs)
             Began as a Minotaur Fighter on Jan 27, 2022.
             Was a Priest of Okawaru.
             Mangled by a fire dragon (8 damage)
             ... in the Dungeon (Sprint II: "The Violet Keep of Menkaure").
             The game lasted 00:08:43 (1651 turns).

boopmooplesden the Severer (Minotaur Fighter)       Turns: 1651, Time: 00:08:44

Health: -7/80      AC: 15    Str: 32    XL:     10   Next: 14%
Magic:  7/8        EV: 10    Int:  7    God:    Okawaru [***...]
Gold:   411        SH: 21    Dex: 12    Spells: 9/9 levels left

rFire    + . .     SeeInvis +   a - +0 war axe
rCold    + + .     Faith    .   f - +0 tower shield {reflect}
rNeg     . . .     Spirit   .   e - +1 scale mail of the Merchant {Will- Str+4 Dex+3 SInv}
rPois    +         Reflect  +   k - +0 hat
rElec    +         Harm     .   n - +0 cloak
rCorr    +         Rampage  .   l - +1 pair of gloves
Will     .....     NoTele   +   c - +2 pair of boots {Fly}
Stlth    +.........             (no amulet)
HPRegen  0.23/turn              m - ring of Vobi {rPois rC+ Str+4 Int+3 Slay-5}
MPRegen  0.11/turn              (no ring)

@: resistant, unable to read, flying
A: horns 2, retaliatory headbutt, deformed body, deterioration 2, dopey 1, frail
2, low mp 1, subdued magic 1, inability to read while threatened
a: Renounce Religion, Heroism


You were in the Dungeon.
You worshipped Okawaru.
Okawaru was most pleased with you.
You visited 1 branch You collected 1293 gold pieces.
You spent 882 gold pieces at shops.

Inventory:

Hand Weapons
 a - a +0 war axe (weapon)
Missiles
 t - 7 boomerangs (quivered)
 y - 2 throwing nets
Armour
 c - a +2 pair of boots of flying (worn)
 e - the +1 scale mail of the Merchant (worn) {Will- Str+4 Dex+3 SInv}
   (You bought it in a shop in the Dungeon)

   Str:       It affects your strength (+4).
   Dex:       It affects your dexterity (+3).
   SInv:      It lets you see invisible.
   Will:      It decreases your willpower.
 f - a +0 tower shield of reflection (worn)
 k - a +0 hat (worn)
 l - a +1 pair of gloves (worn)
 n - a +0 cloak (worn)
Jewellery
 b - a +4 ring of slaying
 m - the ring of Vobi (left hand) {rPois rC+ Str+4 Int+3 Slay-5}
   (You bought it in a shop in the Dungeon)

   [ring of protection from cold]

   Str:       It affects your strength (+4).
   Int:       It affects your intelligence (+3).
   Slay:      It affects your accuracy & damage with ranged weapons and melee
   (-5).
   rC:        It protects you from cold.
   rPois:     It protects you from poison.
 p - a ring of wizardry
Scrolls
 i - a scroll of vulnerability {unknown}
 j - a scroll of blinking
 o - a scroll of amnesia {unknown}
 r - a scroll of enchant weapon {unknown}
 v - a scroll of summoning {unknown}
 w - a scroll of magic mapping {unknown}
 x - a scroll of torment {unknown}
 A - 2 scrolls of silence {unknown}
 B - 3 scrolls of enchant armour {unknown}
 C - a scroll of fog {unknown}
Potions
 g - a potion of haste
 h - 6 potions of magic
 q - a potion of resistance
 s - 5 potions of flight
 u - a potion of curing
 z - 2 potions of lignification
 D - 2 potions of degeneration


   Skills:
 + Level 13.3 Fighting
 + Level 15.5 Axes
 + Level 12.6 Armour
 + Level 5.6 Dodging
 + Level 2.0 Stealth
 + Level 13.8 Shields


You had 9 spell levels left.
You didn't know any spells.
Your spell library contained the following spells:

 Spells                   Type           Power      Damage    Failure   Level
 Sting                    Tmut/Pois      0%         1d3       96%         1
 Poisonous Vapours        Pois/Air       0%         N/A       99%         2
 Slow                     Hex            0%         N/A       99%         2
 Confusing Touch          Hex            0%         N/A       100%        3
 Olgreb's Toxic Radiance  Pois           0%         N/A       100%        4
 Yara's Violent Unravell  Hex/Tmut       0%         3d3       100%        5


Dungeon Overview and Level Annotations

Branches:
Dungeon (1/1)

Altars:
Cheibriados
Dithmenos
Elyvilon
Fedhas
Gozag
Hepliaklqana
Kikubaaqudgha
Makhleb
Nemelex Xobeh
Okawaru
Qazlal
Ru
Sif Muna
Trog
Uskayaw
Vehumet
Wu Jian
Xom
Yredelemnul
Zin
The Shining One
Beogh
Jiyva
Lugonu

Shops:
D :?[=!=((?=[!:[*

Annotations:
D exclusion: oklob plant, Lernaean hydra, Nikola


Innate Abilities, Weirdness & Mutations

You have a pair of horns on your head.
You reflexively headbutt those who attack you in melee.
Armour fits poorly on your strangely shaped body.
Your body often deteriorates upon taking damage.
You are dopey. (Int -2)
You are very frail. (-20% HP)
Your magical capacity is low. (-10% MP)
Your spells are a little easier to cast, but a little less powerful.
You sometimes lose the ability to read scrolls when taking damage.


Message History

You slice the fire dragon!!
The fire dragon is heavily wounded.
You block the fire dragon's attack. The fire dragon claws you!
You feel threatened and lose the ability to read scrolls!
You block the fire dragon's attack.
You hit the fire dragon but do no damage.
The fire dragon is heavily wounded.
You hit the fire dragon but do no damage.
The fire dragon is heavily wounded.
The fire dragon barely misses you. You furiously retaliate!
You headbutt the fire dragon. You block the fire dragon's attack.
The fire dragon tramples you but does no damage.
You slice the fire dragon!!
The fire dragon is severely wounded.
You block the fire dragon's attack. The fire dragon claws you.
You block the fire dragon's attack.
You closely miss the fire dragon. Your headbutt misses the fire dragon.
The fire dragon is severely wounded.
You feel like a meek peon again.
You block the fire dragon's attack. x2; The fire dragon barely misses you.
You hit the fire dragon.
The fire dragon is severely wounded.
The fire dragon breathes flames at you. The blast of flame misses you.
You hit the fire dragon.
The fire dragon is severely wounded.
You block the fire dragon's attack. The fire dragon barely misses you.
The fire dragon tramples you!
* * * LOW HITPOINT WARNING * * *
You are shoved backwards!
You closely miss the fire dragon. You headbutt the fire dragon.
The fire dragon is severely wounded.
The fire dragon bites you!
* * * LOW HITPOINT WARNING * * *
The fire dragon claws you!
* * * LOW HITPOINT WARNING * * *
The fire dragon misses you.
You feel protected. The fire dragon bites you!
You die...

##...∩.∩..#≈≈####...####
##....∩.⌠.#≈##.###'###.#
##...∩.∩.[#≈#...##.##..#
##..∩.∩...'≈'.#)'.<.'##.
##.∩.∩....#≈#...##.##..#
#▓▓▓▓▓▓▓###≈##.###'###.#
##$$.######≈≈####.######
#?..#..†.##≈≈≈#.##..#≈§
#∩PhhD@#+##'#≈##...##≈§
#).!#h##≈##.#≈≈##+##≈≈≈
#!$$###≈≈≈####≈≈≈≈≈≈≈≈≈
##+###°§°§≈# #'''#+++#§
$.@##≈°§§≈###§§≈≈≈§§##
+###○○○§°##≈§§≈§≈§§§#
#.88#+°°○○☼'≈§§§§§≈§§§≈
##+###○☼○○○##§§§§§§§≈≈#
|.D #°°°°≈###≈§≈≈§§≈##


You could see a fire dragon, an oklob plant and 3 black bears.

Vanquished Creatures
  An obsidian statue (D)
  An orange crystal statue (D)
  A merfolk siren (D)
  A yaktaur (D)
  A hornet (D)
  3 polar bears (D)
  3 wyverns (D)
  A vampire mosquito (D)
  Menkaure (D)
  4 neqoxecs (D)
  3 water moccasins (D)
  4 necrophages (D)
  4 scorpions (D)
28 creatures vanquished.

Vanquished Creatures (others)
  A water moccasin (D)
  16 tentacles (D)
17 creatures vanquished.

Grand Total: 45 creatures vanquished

Notes
Turn   | Place    | Note
-------+----------+-------------------------------------------
     0 | D        | boopmooplesden the Minotaur Fighter began the quest for the
                  | Orb.
     0 | D        | Reached XP level 1. HP: 19/19 MP: 0/0
     1 | D        | Noticed a scorpion
     1 | D        | Noticed a scorpion
     1 | D        | Noticed a scorpion
     1 | D        | Noticed a scorpion
     5 | D        | Killed a scorpion
     6 | D        | Reached skill level 3 in Axes
     6 | D        | Reached skill level 5 in Armour
     6 | D        | Reached skill level 5 in Shields
     6 | D        | Reached XP level 2. HP: 19/30 MP: 1/1
     6 | D        | Reached XP level 3. HP: 24/37 MP: 2/2
    11 | D        | Killed a scorpion
    12 | D        | Reached skill level 4 in Axes
    12 | D        | Reached XP level 4. HP: 30/47 MP: 3/3
    17 | D        | Killed a scorpion
    18 | D        | Reached skill level 5 in Axes
    18 | D        | Reached XP level 5. HP: 32/53 MP: 4/4
   269 | D        | Noticed a necrophage
   269 | D        | Noticed a necrophage
   269 | D        | Noticed a necrophage
   269 | D        | Noticed a necrophage
   277 | D        | Killed a necrophage
   278 | D        | Reached skill level 6 in Axes
   278 | D        | Reached XP level 6. HP: 61/63 MP: 5/5
   284 | D        | Reached skill level 7 in Axes
   287 | D        | Reached skill level 10 in Armour
   287 | D        | Reached skill level 10 in Shields
   291 | D        | Reached skill level 10 in Fighting
   291 | D        | Reached skill level 8 in Axes
   291 | D        | Reached skill level 1 in Dodging
   291 | D        | Reached XP level 7. HP: 68/72 MP: 6/6
   308 | D        | Noticed a neqoxec
   314 | D        | Killed a neqoxec
   315 | D        | Reached skill level 9 in Axes
   317 | D        | Noticed a neqoxec
   317 | D        | Noticed a neqoxec
   317 | D        | Noticed a neqoxec
   322 | D        | Gained mutation: Your magical capacity is low. (-10% MP) [a
                  | neqoxec]
   328 | D        | Killed a neqoxec
   334 | D        | Gained mutation: You are frail. (-10% HP) [a neqoxec]
   336 | D        | Killed a neqoxec
   337 | D        | Reached skill level 10 in Axes
   342 | D        | Gained mutation: You are weak. (Str -2) [a neqoxec]
   344 | D        | Gained mutation: Armour fits poorly on your strangely
                  | shaped body. [a neqoxec]
   348 | D        | Killed a neqoxec
   349 | D        | Reached XP level 8. HP: 54/72 MP: 6/6
   432 | D        | Noticed a merfolk siren
   446 | D        | Killed a merfolk siren
   447 | D        | Reached skill level 11 in Axes
   447 | D        | Reached skill level 1 in Stealth
   451 | D        | Found Pallya's General Store.
   451 | D        | Found Ninum's Distillery.
   451 | D        | Found Vaaseube's Antique Armour Boutique.
   451 | D        | Found Tugupuvo's Antique Armour Shop.
   452 | D        | Found Nesapso's Jewellery Shop.
   452 | D        | Found Pofenuch's Magic Scroll Boutique.
   452 | D        | Found Abroppy's Antique Weapon Shop.
   452 | D        | Found Kehicuathi's Antique Weapon Boutique.
   453 | D        | Found Tuumom's Book Shop.
   453 | D        | Found Houts's Jewellery Boutique.
   453 | D        | Found Numalapa's Distillery.
   453 | D        | Found Waisi's Jewellery Shop.
   453 | D        | Noticed Menkaure
   454 | D        | Noticed a fire dragon
   471 | D        | Killed Menkaure
   472 | D        | Reached skill level 12 in Axes
   513 | D        | Found Zezxul's Antique Armour Boutique.
   513 | D        | Found Vell's Magic Scroll Shop.
   513 | D        | Noticed an oklob plant
   514 | D        | Found Quynwyan's Book Shoppe.
   696 | D        | Bought an amber-encrusted scale mail for 144 gold pieces
   696 | D        | Identified the +1 scale mail of the Merchant {Will- Str+4
                  | Dex+3 SInv} (You bought it in a shop in the Dungeon)
   696 | D        | Bought a shiny tower shield for 120 gold pieces
   696 | D        | Bought a hat for 64 gold pieces
   696 | D        | Bought a pair of glowing gloves for 120 gold pieces
   735 | D        | Bought the ring of Vobi {rPois rC+ Str+4 Int+3 Slay-5} for
                  | 299 gold pieces
   739 | D        | Bought a cloak for 135 gold pieces
   766 | D        | Found an iron altar of Okawaru.
   766 | D        | Found a radiant altar of Vehumet.
   766 | D        | Found a glowing silver altar of Zin.
   767 | D        | Found a sparkling altar of Nemelex Xobeh.
   767 | D        | Found a hide-covered altar of Uskayaw.
   768 | D        | Found an opulent altar of Gozag.
   768 | D        | Found a burning altar of Makhleb.
   768 | D        | Found a bloodstained altar of Trog.
   768 | D        | Found a basalt altar of Yredelemnul.
   769 | D        | Found a blossoming altar of Fedhas.
   769 | D        | Found a corrupted altar of Lugonu.
   769 | D        | Found a shimmering blue altar of Sif Muna.
   770 | D        | Found a white marble altar of Elyvilon.
   770 | D        | Found an ancient bone altar of Kikubaaqudgha.
   771 | D        | Found a shadowy altar of Dithmenos.
   771 | D        | Found a viscous altar of Jiyva.
   772 | D        | Found a snail-covered altar of Cheibriados.
   774 | D        | Found a shimmering altar of Xom.
   774 | D        | Found a sacrificial altar of Ru.
   774 | D        | Found a hazy altar of Hepliaklqana.
   774 | D        | Noticed a hornet
   774 | D        | Noticed a polar bear
   774 | D        | Noticed a polar bear
   775 | D        | Found a glowing golden altar of the Shining One.
   775 | D        | Found an ornate altar of the Wu Jian Council.
   775 | D        | Found a stormy altar of Qazlal.
   775 | D        | Noticed a yaktaur
   775 | D        | Noticed a polar bear
   776 | D        | Became a worshipper of Warmaster Okawaru
   779 | D        | Killed a polar bear
   787 | D        | Killed a polar bear
   787 | D        | Reached * piety under Okawaru
   788 | D        | Reached skill level 13 in Axes
   788 | D        | Reached XP level 9. HP: 81/81 MP: 7/7
   794 | D        | Killed a polar bear
   799 | D        | Killed a yaktaur
   799 | D        | Reached ** piety under Okawaru
   800 | D        | Reached skill level 14 in Axes
   896 | D        | Noticed a kraken
  1204 | D        | Noticed an ice statue
  1366 | D        | Noticed an orange crystal statue
  1381 | D        | Gained mutation: You are dopey. (Int -2) [mutagenic glow]
  1386 | D        | Killed an orange crystal statue
  1395 | D        | Noticed an obsidian statue
  1395 | D        | Gained mutation: Your spells are a little easier to cast,
                  | but a little less powerful. [mutagenic glow]
  1398 | D        | Noticed Nikola
  1406 | D        | Gained mutation: You sometimes lose the ability to read
                  | scrolls when taking damage. [mutagenic glow]
  1415 | D        | Killed an obsidian statue
  1415 | D        | Reached *** piety under Okawaru
  1416 | D        | Reached skill level 15 in Axes
  1416 | D        | Reached skill level 5 in Dodging
  1416 | D        | Reached XP level 10. HP: 90/90 MP: 3/8
  1416 | D        | Noticed a toenail golem
  1416 | D        | Noticed a toenail golem
  1417 | D        | Noticed the 27-headed Lernaean hydra
  1418 | D        | Gained mutation: Your body sometimes deteriorates upon
                  | taking damage. [mutagenic glow]
  1433 | D        | Gained mutation: Your body often deteriorates upon taking
                  | damage. [mutagenic glow]
  1443 | D        | Lost mutation: You are weak. (Str -2) [mutagenic glow]
  1458 | D        | Gained mutation: You are very frail. (-20% HP) [mutagenic
                  | glow]
  1650 | D        | HP: 1/80 [fire dragon (7)]
  1651 | D        | Mangled by a fire dragon

Illustrated notes

Levels and vault maps discovered:
D:        the_violet_keep_of_menkaure [sprint2_stairs_cluster_1,
          sprint2_shoproom, sprint2_temple, sprint2_basic_supplies,
          sprint2_obstacle_4, sprint2_obstacle_2, sprint2_obstacle_5,
          sprint2_obstacle_3, sprint2_obstacle_6, sprint2_timed_cluster_1,
          sprint2_smallroom_cluster_1, sprint2_smallroom_final_cluster_1,
          sprint2_transparent_cluster_1, sprint2_second_timed_cluster_1,
          sprint2_sniper_area_1, sprint2_heavy_combat_area_1,
          sprint2_mutation_trap_area_1, sprint2_forest_area_1,
          sprint2_light_combat_area_1, sprint2_behind_water_1,
          sprint2_near_end_vault_1]

Skill      XL: |  1  2  3  4  5  6  7  8  9 |
---------------+----------------------------+-----
Fighting       | 6 7 9 10 12 13 | 13.3
Axes           | 3 4 5 6 8 10 13 15 | 15.5
Armour         | 5 6 7 9 10 11 12 | 12.6
Shields        | 5 6 7 9 10 11 12 13 | 13.8
Dodging        | 1 3 5 |  5.6
Stealth        | 1 2 |  2.0

Action                   |  1- 3 |  4- 6 |  7- 9 | 10-12 || total
-------------------------+-------+-------+-------+-------++-------
Melee: War axe           |     8 |    32 |   153 |    34 ||   227
       Headbutt          |       |     9 |    36 |    11 ||    56
Invok: Heroism           |       |       |       |     1 ||     1
  Use: Potion            |       |     1 |     5 |     1 ||     7
       Scroll            |       |       |     4 |       ||     4
Armor: Scale mail        |     4 |    10 |    37 |     7 ||    58
Dodge: Dodged            |     3 |     5 |    27 |     6 ||    41
Block: Kite shield       |     6 |    17 |    32 |       ||    55
       Tower shield      |       |       |    61 |    30 ||    91
       Reflection        |       |       |     1 |       ||     1
